 Dungeon Crawl Stone Soup version 0.28.0-1-gb440e238dd (webtiles) character file.

Game seed: 532173935080607772

3586 spaghetti the Grappler (level 9, -12/63 HPs)
             Began as a Demonspawn Berserker on Feb 21, 2022.
             Was a Priest of Trog.
             Mangled by a red ugly thing (21 damage)
             ... on level 8 of the Dungeon.
             The game lasted 00:10:50 (7419 turns).

spaghetti the Grappler (Demonspawn Berserker)       Turns: 7419, Time: 00:10:50

Health: -12/63     AC: 14    Str: 23    XL:     9   Next: 85%
Magic:  9/9        EV: 14    Int:  8    God:    Trog [***...]
Gold:   430        SH:  0    Dex: 12    Spells: 8/8 levels left

rFire   . . .      SeeInvis .     - Unarmed
rCold   . . .      Faith    .   (no shield)
rNeg    . . .      Spirit   .   C - +3 leather armour
rPois   .          Reflect  .   t - +2 helmet
rElec   .          Harm     .   B - +0 cloak
rCorr   .          Rampage  .   (gloves unavailable)
Will    +....                   y - +0 pair of boots
Stlth   +.........              (no amulet)
HPRegen 0.20/turn               m - ring of willpower
MPRegen 0.11/turn               (no ring)

@: on berserk cooldown, slowed, very slow
A: claws 3, molten scales 2, powered by death 1, spiny 1
a: Renounce Religion, Berserk, Trog's Hand


You were on level 8 of the Dungeon.
You worshipped Trog.
Trog was most pleased with you.
You visited 1 branch of the dungeon, and saw 8 of its levels.

You collected 430 gold pieces.

Inventory:

Hand Weapons
 b - a +1 hunting sling of venom
Missiles
 f - 35 poisoned darts (quivered)
 p - 214 stones
Armour
 t - a +2 helmet (worn)
 y - a +0 pair of boots (worn)
 B - a +0 cloak (worn)
 C - a +3 leather armour (worn)
Jewellery
 j - a ring of flight
 m - a ring of willpower (left claw)
 x - a ring of magical power
Wands
 k - a wand of paralysis (6)
 l - a wand of acid (11)
 v - a wand of flame (10)
Scrolls
 a - a scroll of teleportation
 c - a scroll of noise
 d - 2 scrolls of brand weapon
 q - a scroll of enchant armour
 r - 2 scrolls of holy word
Potions
 e - 3 potions of haste
 g - 2 potions of lignification
 n - a potion of flight {unknown}
 o - 3 potions of mutation {unknown}
 s - a potion of berserk rage {unknown}
 u - 2 potions of curing
 w - a potion of attraction {unknown}
 z - a potion of degeneration {unknown}
 A - a potion of resistance {unknown}


   Skills:
 - Level 3.0 Fighting
 - Level 3.8 Maces & Flails
 - Level 1.7 Armour
 + Level 8.0 Dodging
 - Level 10.0 Unarmed Combat


You had 8 spell levels left.
You didn't know any spells.
Your spell library was empty.

Dungeon Overview and Level Annotations

Branches:
Dungeon (8/15)             Temple (0/1) D:7
   Lair: D:8-11

Altars:


Innate Abilities, Weirdness & Mutations

You have claws for hands.
You are mostly covered in molten scales. (AC +3)
You regenerate a little health from kills.
You are partially covered in sharp spines.


Message History

Press: ? - help, Shift-Dir - straight line, f/p - red ugly thing
Aim: a red ugly thing (lightly wounded, chance to affect: 31%)
The red ugly thing easily resists.
The red ugly thing is struck by your spines.
The red ugly thing stings you.
You are engulfed in flames!!
Aiming: Paralyse
Press: ? - help, Shift-Dir - straight line, f/p - red ugly thing
Aim: a red ugly thing (moderately wounded, chance to affect: 31%)
The red ugly thing easily resists.
The red ugly thing stings you.
You are engulfed in flames!
The red ugly thing closely misses you.
Aiming: Paralyse
Press: ? - help, Shift-Dir - straight line, f/p - red ugly thing
Aim: a red ugly thing (moderately wounded, chance to affect: 31%)
The red ugly thing easily resists.
The red ugly thing stings you but does no damage.
Aiming: Paralyse
Press: ? - help, Shift-Dir - straight line, f/p - red ugly thing
Aim: a red ugly thing (moderately wounded, chance to affect: 31%)
The red ugly thing easily resists.
The red ugly thing stings you!
You are engulfed in flames!
* * * LOW HITPOINT WARNING * * *
The red ugly thing stings you but does no damage.
The centaur shouts!
Okay, then.
You feel much better.
The centaur unwields a +0 shortbow.
The centaur closely misses you. The centaur barely misses you.
The centaur completely misses you. The centaur closely misses you.
The red ugly thing is struck by your spines.
The red ugly thing stings you!
You are engulfed in flames!
* * * LOW HITPOINT WARNING * * *
As you read the scroll of fear, it crumbles to dust.
You assume a fearsome visage.
The red ugly thing resists with some effort.
The centaur looks frightened!
The centaur howls in fear.
The red ugly thing is struck by your spines.
The red ugly thing stings you.
* * * LOW HITPOINT WARNING * * *
You are engulfed in flames!!
You die...

# ......... .# ......... #
#.# ......... #...#
F#..Z..... ## .#..
.#........ ##.##
..#.##.#........
#...##u..# .##........
#..#.#)@#####.#.#.....<.
#.. #####..#..#.##.......
...#######..c##.# #.......
###.......####.## #.......
..............######...##.
..................##.(. z
..........)....)....... .
#..................... .
..##....<).......(...z


You could see a red ugly thing and a centaur (fleeing).

Vanquished Creatures
  A two-headed ogre (D:8)
  4 water moccasins
  An ice beast (D:5)
  A sky beast (D:7)
  2 black bears
  2 ogres
  A necrophage (D:6)
  4 centaurs
  A phantom (D:5)
  3 kobold brigands
  Blork the orc (D:4)
  3 bullfrogs
  A wyvern zombie (D:8)
  3 scorpions
  A wyvern skeleton (D:7)
  A wight (D:8)
  2 howler monkeys
  A centaur zombie (D:7)
  2 orc priests (D:7)
  2 bullfrog skeletons (D:5)
  4 hounds
  4 jellies
  A centaur skeleton (D:3)
  An iguana (D:7)
  4 orc wizards
  2 scorpion zombies (D:5)
  A howler monkey zombie (D:5)
  3 adders
  A howler monkey skeleton (D:4)
  2 shadow imps (D:7)
  A worm (D:2)
  A dart slug (D:5)
  9 orcs
  6 endoplasms
  6 giant cockroaches
  3 goblins
  2 hobgoblins
  8 jackals
  2 quokkas
  7 ball pythons
  7 bats
  A frilled lizard (D:1)
  16 kobolds
  3 rats
132 creatures vanquished.

Notes
Turn   | Place    | Note
-------+----------+-------------------------------------------
     0 | D:1      | spaghetti the Demonspawn Berserker began the quest for the
                  | Orb.
     0 | D:1      | Reached XP level 1. HP: 18/18 MP: 1/1
   187 | D:1      | Gained mutation: You are partially covered in sharp spines.
                  | [demonic ancestry]
   187 | D:1      | Reached XP level 2. HP: 24/24 MP: 2/2
   837 | D:2      | Gained mutation: You have sharp fingernails. [demonic
                  | ancestry]
   837 | D:2      | Reached XP level 3. HP: 29/29 MP: 3/3
  1016 | D:2      | Reached skill level 1 in Unarmed Combat
  1334 | D:3      | Reached skill level 2 in Unarmed Combat
  1334 | D:3      | Gained mutation: You have very sharp fingernails. [demonic
                  | ancestry]
  1334 | D:3      | Reached XP level 4. HP: 28/35 MP: 4/4
  1647 | D:3      | Reached ** piety under Trog
  1700 | D:3      | Found a faded altar of an unknown god.
  1805 | D:4      | Noticed Blork the orc
  1818 | D:4      | Reached skill level 3 in Unarmed Combat
  1824 | D:4      | Killed Blork the orc
  1825 | D:4      | Gained mutation: You have claws for hands. [demonic
                  | ancestry]
  1825 | D:4      | Reached XP level 5. HP: 17/41 MP: 5/5
  1829 | D:4      | Reached skill level 4 in Unarmed Combat
  2116 | D:4      | Noticed an ogre
  2122 | D:4      | Killed an ogre
  2123 | D:4      | Reached XP level 6. HP: 13/47 MP: 6/6
  2567 | D:4      | Reached skill level 5 in Unarmed Combat
  3030 | D:5      | Entered Level 5 of the Dungeon
  3605 | D:5      | Noticed an ice beast
  3611 | D:5      | Killed an ice beast
  3612 | D:5      | Reached skill level 6 in Unarmed Combat
  3612 | D:5      | Gained mutation: You are partially covered in molten
                  | scales. (AC +2) [demonic ancestry]
  3612 | D:5      | Reached XP level 7. HP: 38/52 MP: 7/7
  3921 | D:5      | Reached skill level 7 in Unarmed Combat
  4526 | D:5      | Gained mutation: You are mostly covered in molten scales.
                  | (AC +3) [demonic ancestry]
  4526 | D:5      | Reached XP level 8. HP: 34/58 MP: 8/8
  4863 | D:5      | Reached skill level 8 in Unarmed Combat
  5352 | D:6      | Reached skill level 9 in Unarmed Combat
  5672 | D:7      | Found a staircase to the Ecumenical Temple.
  5879 | D:7      | Reached skill level 10 in Unarmed Combat
  6041 | D:7      | Reached *** piety under Trog
  6067 | D:7      | Gained mutation: You regenerate a little health from kills.
                  | [demonic ancestry]
  6067 | D:7      | Reached XP level 9. HP: 53/63 MP: 9/9
  6467 | D:7      | Reached skill level 5 in Dodging
  7017 | D:8      | Noticed a two-headed ogre
  7405 | D:8      | Killed a two-headed ogre
  7409 | D:8      | Noticed a red ugly thing
  7419 | D:8      | Mangled by a red ugly thing

Illustrated notes

Levels and vault maps discovered:
D:1:      eino_arrival_cavern_a, layout_rooms
D:2:      layout_basic
D:3:      layout_basic, shapermc_ecumenical_altar_mp_urbaneastern
D:4:      layout_basic, hangedman_decor_clover_reticule, uniq_blork_the_orc
D:5:      layout_cave_pods, gup_sewer_entry_bowl, roderic_roman_lattice
D:6:      layout_basic
D:7:      layout_basic, minmay_temple_entry_proselytizer
D:8:      minmay_ornate_pinched, layout_cave_pools, serial_column_ruins,
          column_ruins_grid_3, column_ruins_open_medium,
          column_ruins_open_medium, column_ruins_grid_3,
          column_ruins_corridor_T, column_ruins_open_medium

Skill      XL: |  1  2  3  4  5  6  7  8  9 |
---------------+----------------------------+-----
Maces & Flails | 3 |  3.8
Unarmed Combat | 2 3 4 6 7 10 | 10.0
Dodging        | 3 8 |  8.0
Fighting       | |  3.0
Armour         | |  1.7

Action                   |  1- 3 |  4- 6 |  7- 9 || total
-------------------------+-------+-------+-------++-------
Melee: Mace              |    66 |       |       ||    66
       Punch             |     2 |     3 |     6 ||    11
       Unarmed           |       |    55 |   146 ||   201
 Fire: Hunting sling     |       |     7 |    59 ||    66
Throw: Dart              |       |       |     3 ||     3
Invok: Berserk           |       |     1 |     2 ||     3
Evoke: Wand              |       |       |     5 ||     5
  Use: Scroll            |       |     2 |    14 ||    16
       Potion            |       |       |     3 ||     3
 Stab: Sleeping          |     2 |       |       ||     2
Armor: Animal skin       |    10 |     3 |    37 ||    50
       Leather armour    |       |       |    18 ||    18
Dodge: Dodged            |    40 |    29 |    82 ||   151
